 Dungeon Crawl Stone Soup version 0.29-a0-330-g52719c12eb (webtiles) character file.

Game seed: 14372283298636233379

3901 Ajdolov the Archer (level 10, 0/60 HPs)
             Began as a Human Hunter on May 5, 2022.
             Was a Follower of Hepliaklqana.
             Slain by a cane toad (shapeshifter) (19 damage)
             ... on level 8 of the Dungeon.
             The game lasted 00:19:22 (7087 turns).

Ajdolov the Archer (Human Hunter)                   Turns: 7087, Time: 00:19:22

Health: 0/60       AC:  5    Str: 11    XL:     10   Next: 43%
Magic:  10/10      EV: 12    Int: 10    God:    Hepliaklqana [*.....]
Gold:   182        SH:  0    Dex: 23    Spells: 9/9 levels left

rFire   . . .      SeeInvis +   b - +5 rapier "Rug Vito" {protect, rC+ rN+++ rCorr Dex+2}
rCold   + . .      Faith    .   (no shield)
rNeg    + + +      Spirit   .   s - +0 leather armour
rPois   .          Reflect  .   (no helmet)
rElec   .          Harm     .   H - +0 cloak
rCorr   +          Rampage  .   m - +0 pair of gloves
Will    .....                   (no boots)
Stlth   +++.......              p - amulet of regeneration
HPRegen 1.00/turn               B - ring of see invisible
MPRegen 0.12/turn               (no ring)

@: no status effects
A: reduced essence
a: Renounce Religion, Recall Ancestor, Ancestor Identity


You were on level 8 of the Dungeon.
You worshipped Hepliaklqana.
Hepliaklqana was aware of your devotion.
You visited 2 branches of the dungeon, and saw 9 of its levels.

You collected 399 gold pieces.
You spent 217 gold pieces at shops.

Inventory:

Hand Weapons
 a - a +1 shortbow
 b - the +5 rapier "Rug Vito" (weapon) {protect, rC+ rN+++ rCorr Dex+2}
   (You took it off a hobgoblin on level 3 of the Dungeon)

   It grants its wielder temporary protection when it strikes (+7 to AC).
   Dex:       It affects your dexterity (+2).
   rC:        It protects you from cold.
   rN:        It renders you almost immune to negative energy.
   rCorr:     It protects you from acid and corrosion.
Missiles
 n - a curare-tipped dart
Armour
 m - a +0 pair of gloves (worn)
 s - a +0 leather armour (worn)
 H - a +0 cloak (worn)
Jewellery
 p - an amulet of regeneration (around neck)
 B - a ring of see invisible (left hand)
 J - a ring of flight
 K - a +4 ring of evasion
Wands
 t - a wand of acid (6)
 y - a wand of iceblast (6)
 z - a wand of polymorph (19)
 C - a wand of paralysis (4)
 L - a wand of mindburst (6)
 O - a wand of charming (7)
Scrolls
 c - 2 scrolls of immolation
 d - 2 scrolls of holy word {unknown}
 e - 3 scrolls of blinking {unknown}
 h - 3 scrolls of teleportation
 j - 2 scrolls of fog
 k - a scroll of enchant weapon {unknown}
 q - a scroll of amnesia
 u - 3 scrolls of fear {unknown}
 v - 2 scrolls of enchant armour
 D - 2 scrolls of identify
 G - a scroll of vulnerability
 N - a scroll of magic mapping {unknown}
Potions
 f - 2 potions of brilliance {unknown}
 g - 4 potions of magic {unknown}
 i - 3 potions of mutation {unknown}
 l - 2 potions of berserk rage {unknown}
 r - a potion of ambrosia {unknown}
 w - 2 potions of degeneration {unknown}
 x - a potion of heal wounds
 A - 2 potions of resistance
 F - 2 potions of attraction {unknown}
 I - a potion of cancellation {unknown}


   Skills:
 - Level 2.0 Fighting
 * Level 14.1 Bows
 - Level 2.0 Dodging
 - Level 5.0 Stealth


You had 9 spell levels left.
You didn't know any spells.
Your spell library contained the following spells:

 Spells                   Type           Power      Damage    Failure   Level
 Freeze                   Ice            0%         1d3       45%         1
 Ensorcelled Hibernation  Hex/Ice        0%         N/A       58%         2
 Passwall                 Tmut/Erth      0%         N/A       58%         2
 Frozen Ramparts          Ice            0%         1d2       83%         3
 Swiftness                Air            0%         N/A       83%         3
 Hailstorm                Conj/Ice       0%         3d3       99%         4


Dungeon Overview and Level Annotations

Branches:
Dungeon (8/15)             Temple (1/1) D:6
   Lair: D:8-11

Altars:
Ashenzari
Cheibriados
Dithmenos
Fedhas
Gozag
Hepliaklqana
Kikubaaqudgha
Makhleb
Okawaru
Qazlal
Ru
Sif Muna
Trog
Uskayaw
Vehumet
Wu Jian
Xom
Yredelemnul
Zin
The Shining One
Beogh

Shops:
D:6 !?(   D:7 [

Annotations:
D:4 Menkaure


Message History

The meliai barely misses you. The meliai misses you.
The meliai barely misses you.
Dejan hits the bullfrog.
The bullfrog hits Dejan.
The orc priest hits you with a +0 mace.
* * * LOW HITPOINT WARNING * * *
The meliai barely misses you. x2
Aiming: Charm
Press: ? - help, Shift-Dir - straight line, f - meliai
Aim: a meliai (lightly wounded, chance to affect: 49%)
The meliai resists with some effort.
You feel very sick.
The bullfrog hits Dejan.
The meliai barely misses you. The meliai stings you.
* * * LOW HITPOINT WARNING * * *
You are lethally poisoned!
The meliai poisons you!
Dejan hits the bullfrog.
The orc priest barely misses you.
The bullfrog hits Dejan but does no damage.
The meliai closely misses you. The meliai stings you.
* * * LOW HITPOINT WARNING * * *
You feel better.
The meliai changes into a cane toad!
Dejan hits the bullfrog.
The bullfrog hits Dejan.
The orc priest hits you with a +0 mace.
* * * LOW HITPOINT WARNING * * *
Unknown command.
Unknown command.
That's the wrong kind of item! (Use * to select it.) Evoke which item? (* to show all) (? for menu, Esc to quit)
Okay, then.
Aiming: Charm
Press: ? - help, Shift-Dir - straight line, f/p - cane toad
Aim: a cane toad shaped shifter (chance to affect: 49%)
The cane toad resists with some effort.
The bullfrog hits Dejan.
Dejan closely misses the bullfrog.
The bullfrog hits Dejan!
The cane toad closely misses you. The orc priest closely misses you.
Unknown command.
Aiming: Charm
Press: ? - help, Shift-Dir - straight line, f/p - cane toad
Aim: a cane toad shaped shifter (chance to affect: 49%)
The cane toad resists with some effort.
Dejan hits the bullfrog.
The bullfrog dies!
The cane toad stings you!!
You die...

.................................
...#.....###..##...).........##.#
.#####.....##.##...)†)......###..
. ########.#..)#........# #.. #
....###..####...#..####.
......##.## ###.#...#..)
......o#..# ####.....#
.....oo##.# #...#.## #)F@#.#
##.#### #.R.#.# ### ###.'.#
#...### #...# .....## .......#
.......## .....##


You could see the friendly Dejan the ancestor, a cane toad shaped shifter, an
orc priest and 2 orcs.

Vanquished Creatures
  Maurice (D:7)
  2 wyverns (D:7)
  A steam dragon (D:8)
  2 water moccasins
  Duvessa (D:6)
  2 black bears
  2 ice beasts
  An orc warrior (D:8)
  2 ogres
  2 centaurs
  A phantom (D:4)
  3 bullfrogs
  3 gnoll sergeants (D:8)
  3 scorpions
  3 wights (D:7)
  Dowan (D:6)
  6 killer bees
  6 howler monkeys
  A hound (D:5)
  2 jellies
  A gnoll shaman (D:3)
  An orc priest (D:7)
  An iguana (D:5)
  2 orc wizards (D:8)
  21 gnolls
  10 adders
  A shadow imp (D:5)
  A white imp (D:7)
  2 worms
  4 dart slugs
  31 orcs
  7 bats
  9 endoplasms
  3 giant cockroaches
  8 goblins
  5 hobgoblins
  2 quokkas
  2 ball pythons
  3 frilled lizards
  2 kobolds
  8 rats
169 creatures vanquished.

Vanquished Creatures (collateral kills)
  A bullfrog (D:8)
  A wight (D:7)
  An orc wizard (D:8)
  3 orcs (D:8)
6 creatures vanquished.

Vanquished Creatures (others)
  2 ancestors
2 creatures vanquished.

Grand Total: 177 creatures vanquished

Notes
Turn   | Place    | Note
-------+----------+-------------------------------------------
     0 | D:1      | Ajdolov the Human Hunter began the quest for the Orb.
     0 | D:1      | Reached XP level 1. HP: 16/16 MP: 1/1
   263 | D:1      | Reached XP level 2. HP: 19/22 MP: 2/2
   638 | D:1      | Reached XP level 3. HP: 24/27 MP: 3/3
  1635 | D:2      | Reached skill level 5 in Bows
  1635 | D:2      | Reached XP level 4. HP: 33/33 MP: 4/4
  1930 | D:2      | Reached XP level 5. HP: 38/38 MP: 5/5
  2178 | D:3      | Found a faded altar of an unknown god.
  2394 | D:3      | Identified the +5 rapier "Rug Vito" {protect, rC+ rN+++
                  | rCorr Dex+2}
  2755 | D:4      | Noticed Menkaure
  2791 | D:3      | Reached skill level 6 in Bows
  2791 | D:3      | Reached XP level 6. HP: 39/44 MP: 6/6
  3359 | D:5      | Entered Level 5 of the Dungeon
  3364 | D:5      | Noticed a black bear
  3398 | D:5      | Reached XP level 7. HP: 48/50 MP: 7/7
  3439 | D:5      | Reached skill level 7 in Bows
  3816 | D:5      | Reached skill level 5 in Stealth
  3816 | D:5      | Reached XP level 8. HP: 5/56 MP: 8/8
  3857 | D:5      | Reached skill level 8 in Bows
  3904 | D:5      | Noticed Edmund
  4118 | D:5      | Identified the +2 pair of boots of Minor Irritation {-Tele
                  | rN+++ Slay-2 SInv}
  4268 | D:5      | Noticed Edmund
  4268 | D:5      | Edmund changed into Edmund the ice beast
  4283 | D:5      | Killed Edmund the ice beast
  4284 | D:5      | Reached skill level 9 in Bows
  4478 | D:6      | Found a staircase to the Ecumenical Temple.
  4485 | Temple   | Entered the Ecumenical Temple
  4570 | Temple   | Became a worshipper of Hepliaklqana the Forgotten
  4779 | D:6      | Found Kehopryubb's Magic Scroll Shop.
  4779 | D:6      | Found Duohoh Gano's Distillery.
  4783 | D:6      | Found Pec Nes's Antique Weapon Shop.
  4783 | D:6      | Noticed Dowan
  4800 | D:6      | Killed Dowan
  4809 | D:6      | Found Cipnyzon's Distillery.
  4813 | D:6      | Bought a scroll of identify for 30 gold pieces
  4813 | D:6      | Bought a scroll of enchant armour for 112 gold pieces
  4816 | D:6      | Noticed Duvessa
  4822 | D:6      | Bought a potion of heal wounds for 75 gold pieces
  4966 | D:6      | Reached skill level 10 in Bows
  5023 | D:6      | Killed Duvessa
  5024 | D:6      | Reached XP level 9. HP: 36/61 MP: 9/9
  5199 | D:7      | Reached skill level 11 in Bows
  5285 | D:7      | Found an opulent altar of Gozag.
  5286 | D:7      | Found a burning altar of Makhleb.
  5374 | D:7      | Found a flagged portal.
  5590 | D:7      | Reached skill level 12 in Bows
  5718 | D:8      | Noticed Maurice
  5882 | D:7      | Killed Maurice
  5883 | D:7      | Reached XP level 10. HP: 22/67 MP: 10/10
  5958 | D:8      | Reached skill level 13 in Bows
  6211 | D:8      | Reached * piety under Hepliaklqana
  6349 | D:7      | Found Owecsut's Antique Armour Boutique.
  6889 | D:8      | Reached skill level 14 in Bows
  7085 | D:8      | Noticed a cane toad
  7085 | D:8      | a meliai changed into a cane toad
  7087 | D:8      | Slain by a cane toad (shapeshifter)

Illustrated notes

Levels and vault maps discovered:
D:1:      dpeg_arrival_houses_and_road, layout_basic, hangedman_feature_mirror,
          corexii_item_surrounded_by_moat, chequers_serial_rivers_micro_d
D:2:      layout_rooms, interstate_on_off, minmay_misc_feat_x
D:3:      minmay_skewed_foursquare, layout_loops_ring,
          shapermc_ecumenical_altar_flowoftime
D:4:      layout_rooms, hangedman_decor_diamond_cutter, uniq_menkaure
D:5:      layout_basic, uniq_edmund
D:6:      layout_rooms, minmay_temple_entry_steel_oval, minmay_misc_feat_plants,
          minmay_shop_grid_forest, kennysheep_generic_room_12, uniq_duvessa
D:7:      layout_loops_cross, nicolae_overflow_hidden_temple, enter_bailey_8,
          serial_shops, kennysheep_little_box
D:8:      layout_cave_pools, special_room [special_room_orc], grunt_potential,
          uniq_maurice
Temple:   mainiacjoe_temple_coin_purse

Skill      XL: |  1  2  3  4  5  6  7  8  9 10 |
---------------+-------------------------------+-----
Stealth        | 2 3 4 5 |  5.0
Bows           | 5 6 7 10 12 14 | 14.1
Fighting       | |  2.0
Dodging        | |  2.0

Action                   |  1- 3 |  4- 6 |  7- 9 | 10-12 || total
-------------------------+-------+-------+-------+-------++-------
Melee: Rapier            |       |       |   160 |   137 ||   297
       Punch             |       |       |     3 |       ||     3
 Fire: Shortbow          |    97 |   164 |   159 |    13 ||   433
Throw: Dart              |       |       |     6 |       ||     6
       Throwing net      |       |       |     1 |       ||     1
Invok: Recall Ancestor   |       |       |       |     2 ||     2
Evoke: Wand              |       |       |     7 |     3 ||    10
  Use: Potion            |     1 |     1 |     4 |     4 ||    10
       Scroll            |       |       |     6 |       ||     6
Armor: Leather armour    |    24 |    12 |   116 |    83 ||   235
Dodge: Dodged            |    54 |    43 |   239 |   139 ||   475

Table legend: (Time is in decaauts)
 A = Elapsed time spent in this place.
 B = Non-inter-level travel time spent in this place.
 C = Inter-level travel time spent in this place.
 D = Time resting spent in this place.
 E = Time spent auto-exploring this place.
 F = Levels seen in this place.
 G = Mean time per level.
                   A        B        C        D        E       F      G
               +--------+--------+--------+--------+--------+-----+--------+
         Total |   7188 |   6953 |    235 |    962 |   3997 |   9 |  798.7 |
       Dungeon |   7046 |   6824 |    222 |    962 |   3892 |   8 |  880.8 |
        Temple |    141 |    128 |     13 |      0 |    105 |   1 |  141.0 |
               +--------+--------+--------+--------+--------+-----+--------+

Top non-repeatable levels by time:
     D:1: 1616 daAuts
     D:7: 1309 daAuts
     D:5: 1018 daAuts
     D:3: 820 daAuts
     D:8: 727 daAuts
     D:6: 576 daAuts
     D:4: 514 daAuts
     D:2: 464 daAuts
  Temple: 141 daAuts
